[Event "MCCT Chessable Masters 2022"]
[Site "Online"]
[Date "2022.05.16"]
[Round "11.5"]
[White "Van Foreest, Jorden"]
[Black "Grandelius, Nils"]
[Result "0-1"]
[ECO "A06"]
[WhiteElo "2715"]
[BlackElo "2635"]
[Annotator "TA"]
[PlyCount "156"]
[EventDate "2022.05.19"]
[EventType "tourn"]
[EventCountry "NET"]
[SourceTitle "playchess.com"]
[Source "ChessBase"]
[SourceQuality "1"]
[TimeControl "900+10"]

1. Nf3 Nf6 2. b3 d5 3. Bb2 Bg4 4. e3 e6 5. h3 Bh5 6. Nc3 {[%emt 0:00:11] A06: Réti Opening: 1 Nf3 d5.} Nbd7 7. g4 Bg6 8. d3 {[%emt 0:00:25] [#] The position is equal.} Bd6 $146 ({Predecessor:} 8... c6 9. g5 Ng8 10. h4 e5 11. Bh3 Bh5 12. O-O Bd6 13. Na4 g6 14. e4 d4 {0-1 (56) Dean,W-Berry,J IECC email 1996}) 9. h4 Nxg4 {[%emt 0:02:08] Hoping for ...Bh5.} 10. h5 Bf5 11. Nd4 Qf6 $36 {[%emt 0:03:13][%mdl 2048] Black has the initiative.} 12. Qe2 Be5 $1 13. O-O-O Bxd4 14. exd4 Qxd4 15. f3 (15. Bh3 $1 $15 Qf4+ 16. Kb1) 15... Qe3+ $17 16. Rd2 Qxe2 17. Rxe2 Ngf6 18. h6 O-O-O 19. hxg7 Rhg8 20. Rg2 Bg6 21. f4 Ne8 22. Nb5 ({Avoid the trap} 22. f5 $2 Bxf5 23. Rg5 Bg6 $19) 22... a6 ({Worse is} 22... Nxg7 23. Nxa7+ Kb8 24. Nb5 $15) 23. Nd4 Nxg7 24. Rgh2 Rde8 25. Nf3 f6 26. Be2 Nf5 27. Rh3 e5 28. fxe5 fxe5 29. Ng5 h6 30. Nf3 Bh7 (30... Bf7 $142 $1 31. Re1 h5) 31. Bc3 (31. Bd1 $17) 31... Ng3 $1 $19 32. R1h2 Bf5 33. Rxh6 Nxe2+ 34. Rxe2 Bg4 35. Re3 d4 36. Nxd4 exd4 37. Rxe8+ Rxe8 38. Bxd4 b6 39. Rg6 Bf3 40. Rg3 Bc6 41. a4 Kb7 42. Re3 Rxe3 43. Bxe3 Nf6 44. Kb2 Bf3 45. Bd4 Nd5 46. Kc1 Kc6 47. Kd2 Bh5 48. Bf2 Nf4 49. Bg3 Ne6 50. Bf2 Kd5 51. Bg3 Kc5 52. Kc3 Bg4 53. Bf2+ Kd5 54. Bg3 c6 55. Bf2 b5 (55... c5 $19 56. Be3 Nd4) 56. axb5 $17 cxb5 (56... axb5 $17 {White must now prevent ...Bh5.} 57. Kb4 Kd6) 57. Kb4 $1 $11 Bd1 58. c4+ Kc6 59. d4 (59. Ka5 $1 $11 {remains equal.}) 59... Nf4 $17 60. d5+ Kb7 $1 61. Be3 {[%emt 0:00:24] [#]} (61. Bg1 $17) 61... Nd3+ $1 $19 62. Kc3 Ne5 (62... Be2 $19 {has better winning chances. aiming for ...b4+.} 63. Kd4 Kc7) 63. Bd4 $17 Nf3 64. Be3 {[%emt 0:00:01] [#]} Nh4 (64... a5 $1 $17 {And now ...b4+ would win.} 65. cxb5 Be2) 65. c5 $2 {[%emt 0:00:01][%mdl 8192] This move loses the game for White.} (65. Bg5 $15) 65... Bf3 (65... Nf5 $142 66. Bg5 Bf3) 66. c6+ $2 (66. d6 Nf5 67. Bg5) 66... Kc8 $19 {[%emt 0:00:04] Black is clearly winning.} 67. Kb4 Nf5 68. Bf4 Bxd5 69. Ka5 Bxc6 {[%emt 0:00:21] ...Kb7 is the strong threat.} 70. Kxa6 Nd4 71. Kb6 Bd7 72. b4 Kd8 73. Be3 Nc2 74. Bc5 Ne1 {[%emt 0:00:05] Threatens to win with ...Nd3.} 75. Bd6 Nd3 76. Kb7 Be8 77. Bf8 Kd7 78. Kb6 Ke6 {[%emt 0:00:02] Weighted Error Value: White=0.10 (very precise) /Black=0.08 (flawless)} 0-1

[Event "MCCT Chessable Masters 2022"]
[Site "Online"]
[Date "2022.05.16"]
[Round "11.6"]
[White "Mishra, Abhimanyu"]
[Black "Tari, Aryan"]
[Result "0-1"]
[ECO "B12"]
[WhiteElo "2535"]
[BlackElo "2654"]
[Annotator "TA"]
[PlyCount "88"]
[EventDate "2022.05.19"]
[EventType "tourn"]
[EventCountry "NET"]
[SourceTitle "playchess.com"]
[Source "ChessBase"]
[SourceQuality "1"]
[TimeControl "900+10"]

1. e4 c6 2. d4 d5 3. e5 Bf5 4. Nd2 e6 5. Nb3 Nd7 6. Nf3 Qc7 {[%emt 0:00:02] B12: Caro-Kann: Advance Variation.} 7. Be2 f6 8. O-O {[%emt 0:03:45] Nowadays more popular than 8.Bf4.} fxe5 {[%emt 0:00:04] The position is equal.} 9. dxe5 Nxe5 10. Nfd4 {[%emt 0:01:12] [#]} Nf6 $146 {[%emt 0:00:04] Inhibits g4.} ({Predecessor:} 10... Bd6 11. g4 Bg6 12. f4 Nc4 13. Nxe6 Qb6+ 14. Nbd4 Bc5 15. Bxc4 Bxd4+ 16. Nxd4 dxc4 {1-0 (25) Zinchenko,Y (2547)-Elizarov,D (2356) Voronezh 2010}) 11. Bg5 (11. f4 $14 Nc4 12. g4 (12. Nxf5 exf5 13. Bxc4 dxc4 $15)) 11... Ne4 12. Be3 Bd6 (12... h5 $5 13. Nxf5 exf5 $15) 13. g4 Bg6 {[%emt 0:00:08] White must now prevent ...Bf7.} 14. f4 {[%emt 0:01:22] [#]} Bf7 15. fxe5 $11 Bxe5 16. Rf3 Bxh2+ 17. Kg2 $1 Be5 18. Qf1 ({White should play} 18. Bd3 $11) 18... O-O $15 {[%emt 0:00:53] aiming for ...c5.} 19. Bd3 Qe7 20. Bxe4 dxe4 {[%emt 0:00:00] Really sharp!} (20... Qh4 21. Bxh7+ $1 Qxh7 22. Qh1 $16 (22. Bf4 $2 Bxf4 23. Qh1 Qxh1+ 24. Rxh1 e5 $19)) 21. Rh3 c5 $1 {[%emt 0:00:40][%mdl 1024] Black has compensation.} 22. Ne2 ({White should try} 22. Nb5 $1 $11) 22... Bg6 {[%emt 0:00:23] A strong pair of Bishops.} (22... Bh5 $5 23. Rxh5 (23. Bxc5 $2 Qg5 $19) 23... Rxf1 24. Rxf1 Bxb2 25. Bxc5 Qc7 $17) 23. Qe1 ({But not} 23. Bxc5 $2 Qg5 24. Qe1 (24. Bxf8 $2 Rxf8 25. Qe1 Qxg4+ 26. Rg3 Bxg3 $19) 24... Qxg4+ 25. Rg3 Bxg3 26. Nxg3 h5 $1 27. Bxf8 Rxf8 $19) 23... Rf3 24. Ng1 Rf7 25. Qe2 b6 26. c3 Raf8 27. Nd2 Bf4 28. Bxf4 Rxf4 29. Rf1 e5 $1 30. Rg3 Qb7 {[%emt 0:01:22] And now ...e3+ would win.} 31. Qe3 $2 {[%emt 0:00:13][%mdl 8192] [#] Now White is beyond hope.} (31. Nh3 $15) 31... Rd8 $1 $19 32. Nh3 $2 {[%emt 0:00:11] [#]} (32. c4 Rd3 33. Qe1 e3+ 34. Ndf3) 32... Rxd2+ $1 {[%emt 0:00:04][%mdl 512] Black is clearly winning.} 33. Kg1 Rxf1+ 34. Kxf1 Qd7 {[%emt 0:00:02] Strongly threatening ...Rd3.} 35. Nf2 {[%emt 0:00:08] Inhibits Rd3.} Rxb2 36. Rg1 Qd2 37. Rg3 Qxe3 38. Rxe3 Rxa2 39. Nxe4 Bxe4 40. Rxe4 {[%emt 0:00:00] KR-KR} Rc2 41. c4 h6 42. Ke1 a5 43. Kd1 Rg2 44. Rxe5 Rxg4 {[%emt 0:00:01] Weighted Error Value: White=0.57/Black=0.20 (precise)} 0-1

[Event "MCCT Chessable Masters 2022"]
[Site "Online"]
[Date "2022.05.16"]
[Round "11.7"]
[White "Shankland, Sam"]
[Black "Giri, Anish"]
[Result "1/2-1/2"]
[ECO "D32"]
[WhiteElo "2718"]
[BlackElo "2761"]
[Annotator "TA"]
[PlyCount "102"]
[EventDate "2022.05.19"]
[EventType "tourn"]
[EventCountry "NET"]
[SourceTitle "playchess.com"]
[Source "ChessBase"]
[SourceQuality "1"]
[TimeControl "900+10"]

1. c4 Nf6 2. Nc3 c5 3. Nf3 e6 4. e3 Nc6 5. d4 d5 6. cxd5 exd5 7. Bb5 cxd4 $1 {[%emt 0:00:00][%mdl 4] is more profitable than 7...Bd6 at the moment.} 8. Nxd4 Bd7 9. O-O Bd6 {[%emt 0:00:08] D32: Tarrasch Defence: Sidelines and lines without g3.} 10. Nf3 Bg4 11. h3 Bh5 12. Be2 O-O 13. b3 (13. Nxd5 $2 Nxd5 14. Qb3 Qd7 $1 $19) 13... a6 14. Bb2 (14. Nxd5 $2 Nxd5 15. Bb2 Re8 $1 $19) 14... Re8 15. Rc1 ({Don't go for} 15. Nxd5 $2 Nxd5 16. Rc1 (16. Qxd5 $2 Bh2+ 17. Kxh2 Qxd5 $19) (16. g4 $2 Bg6 $19) 16... Bg6 $1 $19) 15... Bc7 {[%emt 0:01:19] [#]} 16. Nh4 $146 ({Predecessor:} 16. Ba3 Rc8 17. Nd4 Nxd4 18. Bxh5 Ne6 19. Bg4 Nxg4 20. Qxg4 Be5 21. Na4 Rxc1 22. Rxc1 {½-½ (34) Alekseev,E (2629)-Erenberg,A (2463) Douglas 2019}) 16... Bg6 17. Nxg6 hxg6 18. Bf3 Be5 (18... Qd6 $5 19. g3 {[#]} Rxe3 $1 $11) 19. Na4 Bxb2 20. Nxb2 Qd6 21. Nd3 Rad8 22. Qc2 Rc8 (22... Qe7 $11) 23. Qb2 Ne7 24. Nf4 g5 25. Ne2 {[%emt 0:00:31] White is more active.} Ng6 26. Nd4 Ne5 {[%emt 0:00:02] And now ...Nd3 would win.} 27. Be2 {[%emt 0:00:56] Inhibits Nd3.} g6 28. Nf3 Nxf3+ 29. Bxf3 Ne4 30. Qd4 {[%emt 0:00:55] Hoping for Rxc8.} Rc6 31. Rxc6 bxc6 ({Black should play} 31... Qxc6 $14 32. Qd3 Kg7) 32. Rc1 c5 33. Qa4 Nf6 34. Qa5 Rc8 35. Rd1 Qe6 36. Qd2 Rd8 37. Rc1 Qd6 38. Qd3 Rc8 39. g3 Rc7 40. Kg2 Qe6 41. b4 c4 42. Qd4 Ne4 43. Bxe4 (43. a4 {with more complications.} c3 44. Be2 Qc6 45. Bd3) 43... Qxe4+ 44. Qxe4 dxe4 $14 {[%emt 0:00:00][%mdl 4096] Endgame KR-KR} 45. Kf1 f5 (45... c3 $11) 46. Ke2 c3 {[%emt 0:00:05] The position is equal.} 47. a4 Rc4 48. b5 Rxa4 49. bxa6 Rxa6 50. Rxc3 Kf7 51. Kf1 Kf6 {[%emt 0:00:01] Weighted Error Value: White=0.09 (flawless) /Black=0.10 (very precise)} 1/2-1/2

[Event "MCCT Chessable Masters 2022"]
[Site "Online"]
[Date "2022.05.16"]
[Round "11.8"]
[White "Vidit, Santosh Gujrathi"]
[Black "Wei, Yi"]
[Result "1-0"]
[ECO "B90"]
[WhiteElo "2723"]
[BlackElo "2727"]
[Annotator "TA"]
[PlyCount "99"]
[EventDate "2022.05.19"]
[EventType "tourn"]
[EventCountry "NET"]
[SourceTitle "playchess.com"]
[Source "ChessBase"]
[SourceQuality "1"]
[TimeControl "900+10"]

1. e4 c5 2. Nf3 d6 3. d4 cxd4 4. Nxd4 Nf6 5. Nc3 a6 6. Qd3 {[%emt 0:00:03] B90: Sicilian Najdorf: Unusual White 6th moves, 6 Be3 Ng4 and 6 Be3 e5.} Nbd7 7. Be2 b5 {[%emt 0:03:17] is now debated instead of 7...g6.} 8. Nd5 {[%emt 0:00:15] The position is equal.} Bb7 {[%emt 0:01:17] Against Nc6} 9. a4 $1 Nc5 10. Nxf6+ gxf6 11. Qe3 bxa4 12. f3 {[%emt 0:00:02] [#]} h5 $146 ({Predecessor:} 12... e5 13. Nf5 d5 14. exd5 Qxd5 15. Qf2 e4 16. Ne3 Qc6 17. O-O O-O-O 18. Nc4 Qe6 {1-0 (30) Vidit,S (2727)-Shirov,A (2704) Belgrade 2022}) 13. Qf2 e6 14. O-O Qb6 15. b3 axb3 16. Nxb3 Bh6 {[%emt 0:00:31] Prevents Bf4.} 17. Bxh6 Rxh6 18. Rfb1 Qc7 19. Nxc5 dxc5 20. Qg3 ({White should try} 20. Rb3 $16) 20... Qxg3 $14 21. hxg3 Bc8 22. Ra5 h4 23. gxh4 ({But not} 23. Rxc5 hxg3 24. Rc7 Rh4 $11) 23... Rxh4 24. Rxc5 a5 (24... f5 $14) 25. Rc7 $16 Rh7 (25... Kf8 $16 26. Bb5 Ba6) 26. Bb5+ $18 Kd8 27. Rc5 (27. Rc6 $1 $18 {Strongly threatening Rd1+.} f5 28. Rd1+ Ke7 29. Rc7+ Kf6 30. Rd8) 27... Ra7 28. Rd1+ Bd7 29. Bxd7 {[%emt 0:00:30] White is much more active.} Rxd7 30. Rxd7+ Kxd7 31. Rxa5 $16 {[%emt 0:00:00][%mdl 4096] Endgame KR-KR} Kd6 32. Ra7 Ke5 33. Kf2 f5 34. Ra5+ Kf6 35. exf5 e5 (35... exf5 $16 {was called for.} 36. Ra4 Rh1) 36. Ke3 $2 (36. c4 $18 {is the precise move to win.}) 36... Rh2 37. Kf2 (37. g4 $16 {Hoping for c4.} Rxc2 38. Ra6+ Kg5 39. Ra8) 37... Kxf5 38. Ra1 Ke6 39. Ra6+ Kf5 40. c4 Rh1 41. Ke3 $1 {[%emt 0:00:11] Black must now prevent g4+.} Rc1 42. Kd3 {[%emt 0:00:11] Prevents Rc3+.} Kg5 {[%emt 0:00:13] [#]} (42... f6 $142) 43. Ra2 $1 Kf5 $2 {[%emt 0:00:18] [#]} (43... Kf6 {was worth a try.} 44. g4 Rf1) 44. Rc2 $1 $18 Rd1+ 45. Ke3 {[%emt 0:00:02] Threatens to win with c5.} Ke6 46. c5 Rd8 $2 (46... Kd7 47. Ke4 Re1+ 48. Kd5 e4 49. fxe4 Rd1+ 50. Ke5 Kc6) 47. g4 {[%emt 0:00:28] And now c6 would win.} Rc8 48. c6 Kd5 49. c7 f6 50. Rc1 {[%emt 0:00:06] Weighted Error Value: White=0.16 (very precise) /Black=0.41} 1-0

[Event "MCCT Chessable Masters 2022"]
[Site "Online"]
[Date "2022.05.16"]
[Round "12.1"]
[White "Carlsen, Magnus"]
[Black "Wei, Yi"]
[Result "1/2-1/2"]
[ECO "A00"]
[WhiteElo "2864"]
[BlackElo "2727"]
[Annotator "TA"]
[PlyCount "160"]
[EventDate "2022.05.19"]
[EventType "tourn"]
[EventCountry "NET"]
[SourceTitle "playchess.com"]
[Source "ChessBase"]
[SourceQuality "1"]
[TimeControl "900+10"]

1. h4 d5 2. d4 c5 3. e3 Nc6 {[%emt 0:00:22] [#]} 4. c4 $146 ({Predecessor:} 4. Bb5 Bf5 5. dxc5 e5 6. b4 a5 7. c3 Nf6 8. Nf3 Qc7 9. h5 h6 10. Nbd2 {0-1 (42) Galperin,P (2461)-Sadovsky,A (2421) Chess.com INT 2020}) 4... e6 5. Nf3 Nf6 6. a3 {[%emt 0:00:33] A00: Irregular Openings.} a6 7. dxc5 Bxc5 8. b4 Be7 9. Bb2 dxc4 {[%emt 0:00:07] Strongly threatening ...Qxd1+.} 10. Qxd8+ Bxd8 11. Bxc4 b5 12. Bd3 O-O 13. Nbd2 Be7 14. Ke2 Bb7 15. Rhc1 Rfc8 16. Nb3 Nd7 17. Rc2 Bd8 (17... Na7 $11) 18. Rd1 $16 Rc7 19. Be4 {[%emt 0:00:37] Black must now prevent Rcd2.} (19. Rcd2 {seems wilder.} Ne7 20. Ng5 g6 21. Bxg6 Nxg6 22. Rxd7 Bd5 23. Rxc7 Bxc7 24. Nd2) 19... Nf6 20. Bxf6 gxf6 (20... Bxf6 $2 21. Rdc1 $18 (21. Na5 Nxa5 22. Rxc7 Bxe4 $16)) 21. g4 {[%emt 0:02:31] Prevents f5.} Rac8 22. h5 $36 {[%emt 0:02:18][%mdl 2048] White is pushing.} h6 (22... Nd4+ $1 $14 23. Nfxd4 Bxe4 24. Rxc7 Bxc7) 23. Nfd2 {[%emt 0:02:18] 0x0.001df0133839dp-1022s more active pieces.} Ne5 {[%emt 0:01:15][%csl LRc2,LRg4] Hoping for ...Bxe4.} 24. Rxc7 $1 Rxc7 25. Bxb7 Rxb7 26. Nf3 $1 Be7 27. Nxe5 fxe5 {[%emt 0:00:01][%mdl 4096] Endgame KRB-KRN} 28. Rc1 $1 {[%emt 0:00:00] Against Rc7} (28. Nc5 $6 Bxc5 29. bxc5 Rc7 $11) 28... Kg7 29. Rc6 Ra7 30. Kf3 Bd8 31. Ke4 a5 32. Nc5 (32. Kxe5 $6 axb4 33. axb4 Bh4 $11) (32. Nxa5 $6 Bxa5 33. bxa5 Rxa5 $11) (32. Rc8 $1 $16 Bc7 33. Nc5 (33. bxa5 Bxa5 34. Nxa5 Rxa5 $11)) 32... axb4 $14 33. axb4 Ra2 34. Nd3 {[%emt 0:01:16] And now Rc5 would win.} ({Don't play} 34. Kxe5 Rxf2 35. Ke4 Rb2 $11) 34... Rd2 $1 35. Rc3 Bf6 (35... Be7 $14) 36. f3 (36. Rc5 $142) 36... Be7 (36... Re2 $142) 37. Rc7 $1 $16 Bd6 38. Rb7 Kf6 39. Rxb5 Kg5 $2 (39... Rc2 $16 {was necessary.} 40. Nc5 (40. Nxe5 Bxe5 41. Rxe5 Rc4+ 42. Kd3 Rxb4 $16) 40... Kg7) 40. f4+ $18 Kxg4 41. fxe5 ({Weaker is} 41. Nxe5+ Bxe5 42. Kxe5 Rd3 $14) 41... Be7 42. Rb7 Rc2 43. Kd4 {[%emt 0:00:06] Against Rc4+} Bg5 44. Rxf7 Re2 45. Nf4 Rb2 46. Nxe6 Rxb4+ 47. Kc5 Re4 48. Kd5 Rxe3 49. Nxg5 Kxg5 {[%emt 0:00:01] KR-KR} 50. e6 Kxh5 51. Rg7 Kh4 52. e7 h5 53. Kd6 Rd3+ 54. Ke6 Re3+ 55. Kf7 Rf3+ 56. Kg8 Re3 57. Kf8 $1 Rf3+ 58. Rf7 $2 (58. Ke8 $1 Kh3 59. Kd7 Rd3+ 60. Ke6 Re3+ 61. Kf7 h4 62. Rg6 Rxe7+ 63. Kxe7) 58... Re3 $11 59. Rg7 $2 (59. Rf6 $11 Kg5 60. Kf7 Rxe7+ 61. Kxe7) 59... Rf3+ $1 60. Kg8 $2 (60. Ke8 $1 Kh3 61. Kd7 Re3 62. e8=Q Rxe8 63. Kxe8 h4 64. Ke7 Kh2 65. Ke6) 60... Re3 61. Kf7 $2 (61. Kh7 $11) 61... Rf3+ $1 62. Kg6 Re3 63. Kf5 Re1 64. Kf6 Rf1+ 65. Ke6 Re1+ 66. Kf7 Rf1+ 67. Kg8 Re1 {[%emt 0:00:03] [#]} 68. Kf8 $1 Rf1+ {[%emt 0:00:02] [#]} 69. Rf7 $2 (69. Ke8 $1 {mates} Kh3 70. Kd7 Rd1+ 71. Ke6 Re1+ 72. Kf7 h4 73. Rg6 Rf1+ 74. Rf6) 69... Re1 {[%emt 0:00:01] The position is equal.} 70. e8=R Rxe8+ 71. Kxe8 {[%emt 0:00:00] KR-KP} Kg3 72. Rg7+ Kf3 73. Rh7 Kg4 74. Ke7 h4 75. Ke6 h3 76. Ke5 Kg3 77. Ke4 h2 78. Ke3 {[%emt 0:00:01] White threatens Rg7+ and mate.} Kg2 79. Ke2 h1=Q 80. Rxh1 Kxh1 {[%emt 0:00:01] Black escapes into a draw.  Weighted Error Value: White=0.29 (precise) /Black=0.29 (precise)} 1/2-1/2

[Event "MCCT Chessable Masters 2022"]
[Site "Online"]
[Date "2022.05.16"]
[Round "12.2"]
[White "Giri, Anish"]
[Black "Vidit, Santosh Gujrathi"]
[Result "1-0"]
[ECO "C54"]
[WhiteElo "2761"]
[BlackElo "2723"]
[Annotator "TA"]
[PlyCount "135"]
[EventDate "2022.05.19"]
[EventType "tourn"]
[EventCountry "NET"]
[SourceTitle "playchess.com"]
[Source "ChessBase"]
[SourceQuality "1"]
[TimeControl "900+10"]

1. e4 e5 2. Nf3 Nc6 3. Bc4 Nf6 4. d3 Bc5 5. O-O O-O 6. Nbd2 d6 7. c3 a5 {[%emt 0:00:07] C54: Giuoco Piano: 4 c3 Nf6, main lines with 5 d4 and 5 d3.} 8. h3 h6 {[%emt 0:00:08] The main line 8...h6 scores better than 8...Be6.} 9. Re1 Be6 {[%emt 0:00:06] The position is equal.} 10. Bb5 Bb6 {[%emt 0:00:31] [#]} 11. Nc4 $146 ({Predecessor:} 11. Ba4 Nh7 12. Nc4 Bxc4 13. dxc4 Qe7 14. Bc2 Nd8 15. Nh2 Nf6 16. Nf1 {½-½ (63) Paramzina,A (2260)-Girya,O (2402) Khanty-Mansiysk 2021}) 11... Bc5 12. Ba4 Ne7 13. Ncd2 Ng6 14. d4 Ba7 15. Bc2 Re8 16. Nf1 exd4 17. cxd4 d5 18. e5 Ne4 19. Ng3 Nxg3 20. fxg3 c5 21. Be3 Rc8 22. Kh2 cxd4 23. Bxd4 Bxd4 24. Nxd4 Qb6 (24... Nf8 $11) 25. b3 ({White should play} 25. Bxg6 $16 fxg6 26. Qd3) 25... Bd7 (25... Nf8 $11 {keeps the balance.}) 26. e6 $1 $16 Bxe6 27. Bxg6 fxg6 28. Nxe6 {[%emt 0:00:01][%mdl 64] Discovered Attack, Remove Defender} Rxe6 29. Qxd5 Rce8 30. Rxe6 Qxe6 31. Qxa5 Qe5 32. Qxe5 Rxe5 {[%emt 0:00:00][%mdl 4096] Endgame KR-KR} 33. Rf1 b5 34. a3 Re3 (34... Re6 $16) 35. Rf3 $18 Re2 36. g4 Ra2 37. b4 g5 38. Kg3 Rc2 39. Re3 Kf7 40. Kf3 Ra2 41. g3 Kf6 (41... Rh2 $16) 42. Ke4 $1 {[%emt 0:00:27] Black must now prevent Kd4.} Ke6 {[%emt 0:00:03] [#]} 43. h4 $1 gxh4 44. gxh4 g5 $2 (44... g6 45. g5 hxg5) 45. hxg5 hxg5 46. Rh3 {[%emt 0:00:07] Hoping for Rh6+.} Rf2 47. Kd4 Rc2 (47... Rg2 $142 48. Kc5 Rxg4 49. Kxb5 Rd4 50. Re3+ Kd7) 48. Rh6+ Kd7 49. Ke5 Rc3 50. Kf5 Rxa3 {[%emt 0:00:01] [#]} 51. Rb6 $1 Ra4 52. Rxb5 Kc6 53. Rc5+ Kd6 54. Rc4 Kd5 55. Rc1 {[%emt 0:00:08] Intending b5 and mate.} Rxb4 56. Rd1+ {[%emt 0:00:00] White mates.} Kc6 57. Kxg5 Rb2 58. Kg6 Rg2 59. g5 Rg3 60. Kf6 Rf3+ 61. Kg7 Rg3 62. g6 Rg2 63. Kf7 Rf2+ 64. Kg8 Rg2 65. g7 Rg3 66. Rf1 Kd6 67. Kf7 Rg1 68. Rxg1 {[%emt 0:00:03] Weighted Error Value: White=0.05 (flawless) /Black=0.40} 1-0

[Event "MCCT Chessable Masters 2022"]
[Site "Online"]
[Date "2022.05.16"]
[Round "12.3"]
[White "Tari, Aryan"]
[Black "Shankland, Sam"]
[Result "1-0"]
[ECO "B22"]
[WhiteElo "2654"]
[BlackElo "2718"]
[Annotator "TA"]
[PlyCount "55"]
[EventDate "2022.05.19"]
[EventType "tourn"]
[EventCountry "NET"]
[SourceTitle "playchess.com"]
[Source "ChessBase"]
[SourceQuality "1"]
[TimeControl "900+10"]

1. e4 c5 2. Nf3 e6 3. c3 Nf6 4. e5 Nd5 5. d4 cxd4 6. cxd4 d6 7. Bc4 Be7 8. O-O {[%emt 0:00:04] B22: Sicilian: 2 c3.} O-O 9. Qe2 Bd7 10. Nc3 {[%emt 0:00:50] White has an edge.} Nxc3 11. bxc3 Bc6 12. exd6 Bxd6 13. Ne5 Bxe5 14. Qxe5 Nd7 15. Qg3 Nf6 {[%emt 0:00:02] [#]} 16. Re1 $146 ({Predecessor:} 16. Bh6 Ne8 17. Rfe1 Rc8 18. Bg5 Qc7 19. Qh4 Nd6 20. Bd3 f5 21. Rxe6 Be4 22. Bf1 Qxc3 {1-0 (57) Mikac,M (2396)-Polajzer,D (2300) Slovenia 2013}) 16... Ne4 {[%emt 0:02:45] Prevents Bg5.} 17. Qd3 Qa5 (17... Qh4 $2 18. g3 Qh5 19. Rxe4 $18) 18. Bb2 ({But not} 18. Rxe4 $2 Bxe4 19. Qxe4 Qxc3 $19) 18... Nd6 19. Re5 {[%emt 0:00:38] Against Qg5} Bd5 20. Bb3 {[%emt 0:00:41] Strongly threatening c4.} ({Reject} 20. Rh5 g6 21. Bxd5 exd5 $17) 20... Rac8 {[%emt 0:00:43] [#] Against c4. A mistake that costs the game.} (20... g6 $11) 21. c4 $1 $18 f6 $2 {[%emt 0:01:07] [#]} ({Weaker is} 21... Nxc4 22. Bxc4 Bxc4 23. Qxc4 Qxe5 24. Qxc8 Qxh2+ 25. Kxh2) (21... Rxc4 {is a better chance.} 22. Bxc4 Bxc4) 22. cxd5 $1 fxe5 23. dxe6 {[%emt 0:00:04] And now e7+ would win.} Kh8 24. e7 Rf5 25. dxe5 Rxe5 26. Bxe5 Qxe5 27. Rd1 Rc6 (27... Qxe7 $18 28. Qxd6 Qxd6 29. Rxd6 Rc1+ 30. Bd1 Kg8) 28. Qe3 {[%emt 0:00:14] Weighted Error Value: White=0.05 (flawless) /Black=0.74} 1-0

[Event "MCCT Chessable Masters 2022"]
[Site "Online"]
[Date "2022.05.16"]
[Round "12.4"]
[White "Grandelius, Nils"]
[Black "Mishra, Abhimanyu"]
[Result "1/2-1/2"]
[ECO "D02"]
[WhiteElo "2635"]
[BlackElo "2535"]
[Annotator "TA"]
[PlyCount "81"]
[EventDate "2022.05.19"]
[EventType "tourn"]
[EventCountry "NET"]
[SourceTitle "playchess.com"]
[Source "ChessBase"]
[SourceQuality "1"]
[TimeControl "900+10"]

1. Nf3 d5 2. g3 g6 3. Bg2 Bg7 4. d4 c6 5. a4 a5 6. O-O {[%emt 0:00:10] D02: 1 d4 d5 2 Nf3 sidelines, including 2...Nf6 3 g3 and 2...Nf6 3 Bf4.} Nf6 7. c4 O-O 8. cxd5 Nxd5 9. Nc3 Nb4 10. Bf4 Bg4 11. Ne5 Be6 {[%emt 0:00:17] [#]} 12. h3 $146 ({Predecessor:} 12. Qd2 Nd7 13. Nf3 Bg4 14. Bh6 Bxf3 15. Bxf3 e5 16. d5 Bxh6 17. Qxh6 cxd5 18. Nxd5 Nxd5 19. Bxd5 {1-0 (50) Tukhaev,A (2541)-Laxman,R (2426) Hyderabad 2019}) 12... Nd7 13. Nf3 Nf6 14. Qd2 $1 {[%emt 0:01:00] The position is equal.} Qb6 15. Bh6 Bd5 16. Bxg7 Kxg7 17. Nxd5 cxd5 18. Ne5 Rac8 19. Rfc1 {[%emt 0:00:11] Inhibits Rc2.} (19. Rac1 {is interesting.} Rfd8 20. e3 Ne4 21. Bxe4 dxe4 22. Rxc8 Rxc8 23. Rc1) 19... Nc6 20. e3 e6 21. Nd3 Nd7 22. Bf1 Rc7 23. Nc5 Rfc8 24. Nxd7 Rxd7 25. Rc5 Rdc7 26. Rac1 Nb4 27. Rxc7 Rxc7 28. Bb5 Qd6 29. Kg2 b6 30. h4 h5 31. Rc3 Na2 32. Rxc7 Qxc7 $11 {[%emt 0:00:00][%mdl 4096] Endgame KQB-KQN} 33. Kf1 Qc1+ 34. Qxc1 Nxc1 {[%emt 0:00:00] KB-KN} 35. Ke1 Kf6 36. Kd2 Na2 37. Kd3 Nb4+ 38. Kc3 Na2+ 39. Kd3 Nb4+ 40. Kc3 Na2+ 41. Kd3 {[%emt 0:00:01] Weighted Error Value: White=0.02 (flawless) /Black=0.02 (flawless)} 1/2-1/2